 Dungeon Crawl Stone Soup version 0.26.1-11-gd32895ea62 (webtiles) character file.

Game seed: 5540716269263887307

12916 Findor the Bludgeoner (level 12, -2/64 HPs)
             Began as a Gargoyle Monk on Apr 25, 2021.
             Was the Champion of the Shining One.
             Slain by a red ugly thing (8 damage)
             ... on level 11 of the Dungeon.
             The game lasted 00:22:20 (12227 turns).

Findor the Bludgeoner (Gargoyle Monk)              Turns: 12227, Time: 00:22:21

Health: -2/64      AC: 26    Str: 26      XL:     12   Next: 0%
Magic:  14/14      EV:  9    Int: 10 (11) God:    the Shining One [******]
Gold:   556        SH:  0    Dex: 12      Spells: 11/11 levels left

rFire    + . .     SeeInvis .   b - +7 mace (freeze)
rCold    . . .     Faith    .   (no shield)
rNeg     + + +     Spirit   .   K - +0 plate armour
rPois    ∞         Reflect  .   (no helmet)
rElec    +         Harm     .   (no cloak)
rCorr    .         Rampage  .   m - +0 pair of gloves
Will     .....                  I - +0 pair of boots
Stlth    ..........             i - amulet of regeneration
HPRegen  0.60/turn              y - ring of protection from fire
MPRegen  0.14/turn              B - +6 ring of strength

@: hasted, glowing, very quick
A: negative energy resistance 1, electricity resistance, unbreathing,
petrification resistance, miasma immunity, AC +8
a: Renounce Religion, Divine Shield, Cleansing Flame, Summon Divine Warrior,
Brand Weapon With Holy Wrath


You were on level 11 of the Dungeon.
You worshipped the Shining One.
The Shining One was exalted by your worship.
You visited 2 branches of the dungeon, and saw 12 of its levels.
You also visited: Sewer.

You collected 556 gold pieces.

Inventory:

Hand Weapons
 a - a +0 morningstar
 b - a +7 mace of freezing (weapon)
 x - a +0 dire flail
 E - a +2 whip of flaming
Missiles
 n - 17 boomerangs (quivered)
 t - 2 silver javelins
Armour
 m - a +0 pair of gloves (worn)
 I - a +0 pair of boots (worn)
 K - a +0 plate armour (worn)
Jewellery
 e - an uncursed amulet of guardian spirit {unknown}
 i - an amulet of regeneration (around neck)
 s - an uncursed ring of protection from cold
 y - a ring of protection from fire (left hand)
 B - a +6 ring of strength (right hand)
 F - an uncursed ring of protection from fire
Wands
 h - a wand of enslavement (4)
 r - a wand of iceblast (11)
 D - a wand of flame (32)
 G - a wand of polymorph (18)
 M - a wand of acid (9)
Scrolls
 d - 2 scrolls of identify
 f - 2 scrolls of remove curse
 p - 3 scrolls of enchant weapon
 u - 2 scrolls of enchant armour
 v - 7 scrolls of teleportation
 w - 2 scrolls of magic mapping
 H - a scroll of immolation
 J - a scroll of fog
Potions
 c - 2 potions of ambrosia
 g - 6 potions of flight
 j - 4 potions of cancellation
 k - 4 potions of curing
 l - 3 potions of mutation {unknown}
 o - a potion of brilliance
 z - 2 potions of might
 A - a potion of resistance
 L - a potion of degeneration {unknown}
Miscellaneous
 q - a box of beasts


   Skills:
 - Level 3.2 Fighting
 * Level 15.2 Maces & Flails
 + Level 9.9 Armour
 + Level 3.6 Dodging
 - Level 2.1 Stealth
 * Level 3.7 Invocations


You had 11 spell levels left.
You didn't know any spells.
Your spell library contained the following spells:

 Spells                   Type           Power        Failure   Level
 Animate Skeleton         Necr           0%           98%         1
 Pain                     Necr           0%           98%         1
 Vampiric Draining        Necr           0%           100%        3
 Animate Dead             Necr           0%           100%        4
 Agony                    Necr           0%           100%        5


Dungeon Overview and Level Annotations

Branches:
Dungeon (11/15)            Temple (1/1) D:4            Lair (0/6) D:11
    Orc (0/2) D:11          Sewer (visited)

Altars:
Ashenzari
Cheibriados
Dithmenos
Elyvilon
Fedhas
Gozag
Hepliaklqana
Kikubaaqudgha
Makhleb
Nemelex Xobeh
Okawaru
Qazlal
Ru
Sif Muna
Trog
Uskayaw
Vehumet
Wu Jian
Xom
Yredelemnul
Zin
The Shining One

Annotations:
D:5 4 runed translucent doors
D:11 2 transporters, grovkorv's ghost, journeyman GrAM


Innate Abilities, Weirdness & Mutations

You are resistant to torment.
Your stone body is resilient. (AC +8)
You are immune to poison.
You resist negative energy. (rN+)
You are resistant to electric shocks. (rElec)
You can survive without breathing.
You are immune to petrification.
You are immune to miasma.


Message History

Unknown command.
You barely miss the red ugly thing.
The red ugly thing is moderately wounded.
The red ugly thing gores you but does no damage.
You hit the red ugly thing. You freeze the red ugly thing.
The red ugly thing is moderately wounded.
You sock the red ugly thing! You freeze the red ugly thing.
The red ugly thing is heavily wounded.
The red ugly thing gores you.
You are engulfed in flames!
You resist.
You sock the red ugly thing! You freeze the red ugly thing.
The red ugly thing is heavily wounded.
The red ugly thing gores you.
* * * LOW HITPOINT WARNING * * *
You are engulfed in flames!
You resist.
* * * LOW HITPOINT WARNING * * *
Unknown command.
You feel yourself speed up. The red ugly thing gores you.
* * * LOW HITPOINT WARNING * * *
You are engulfed in flames!
You resist.
You die...

#.......©#y=.y# #...#
#........#)#.... ##...#
#.......##y#...# #©...#
#.......# .#.##yy##...#
#.......#.#y.l#yyy#...#
#.......##$.#..yl##...#
#........# ..©.y##....#
########.## #####.....#
#) #.....###..@u.#...#
#.. #...#.........#...#
#...#...#..#...#..#...#
#...#...#..#...#..#...#
#.......#..#...#..#...#
........#..#...#......#
#####...#..#####......#
#[.........#..#####
#....>............#


You could see a red ugly thing.

Vanquished Creatures
  Josephine (D:10)
  Harold (D:9)
  An orange crystal statue (D:10)
  Pikel (D:7)
  An ugly thing (D:7)
  A deep elf mage (D:11)
  2 centaur skeletons (D:10)
  2 wyverns (D:10)
  4 wraiths (D:10)
  A steam dragon (D:10)
  8 yaks
  A basilisk (D:11)
  5 water moccasins
  2 soldier ants
  Duvessa (D:5)
  5 orc warriors
  2 black bears
  2 eyes of draining
  2 phantoms
  An ice beast (D:8)
  A necrophage (D:9)
  5 sky beasts
  4 ogres
  3 centaurs
  6 bullfrogs
  Dowan (D:5)
  A wyvern skeleton (D:9)
  7 scorpions
  19 wights
  7 killer bees
  A howler monkey (D:10)
  2 bullfrog zombies
  A centaur zombie (D:8)
  2 bullfrog skeletons
  11 orc priests
  6 hounds
  2 jellies (D:7)
  4 iguanas
  13 orc wizards
  8 worker ants
  2 hound skeletons
  A worker ant zombie (D:9)
  14 adders
  3 gnolls (D:8)
  A river rat (D:3)
  A shadow imp (D:5)
  4 white imps
  3 ufetubi
  11 oozes
  2 adder skeletons
  7 worms
  3 dart slugs
  13 leopard geckos
  42 orcs
  10 bats
  11 giant cockroaches
  11 goblins
  10 hobgoblins
  13 jackals
  A quokka (D:10)
  9 ball pythons
  18 frilled lizards
  5 kobolds
  A quokka skeleton (D:8)
  9 rats
353 creatures vanquished.

Vanquished Creatures (others)
  A quokka (D:11)
  20 fungi (D:11)
  21 plants (D:11)
42 creatures vanquished.

Grand Total: 395 creatures vanquished

Notes
Turn   | Place    | Note
-------+----------+-------------------------------------------
     0 | D:1      | Findor the Gargoyle Monk began the quest for the Orb.
     0 | D:1      | Reached XP level 1. HP: 14/14 MP: 1/1
   162 | D:1      | Reached XP level 2. HP: 17/19 MP: 2/2
   604 | D:1      | Reached skill level 4 in Maces & Flails
   723 | D:1      | Reached XP level 3. HP: 20/23 MP: 3/3
  1658 | D:2      | Reached XP level 4. HP: 23/28 MP: 4/4
  1915 | D:2      | Reached skill level 5 in Maces & Flails
  3091 | D:3      | Found a glowing drain.
  3115 | D:3      | Reached XP level 5. HP: 4/32 MP: 5/5
  3208 | Sewer    | Entered a sewer
  3607 | Sewer    | Reached skill level 6 in Maces & Flails
  3929 | Sewer    | Reached XP level 6. HP: 33/37 MP: 6/6
  4144 | Sewer    | Reached skill level 7 in Maces & Flails
  4621 | D:3      | Reached XP level 7. HP: 38/41 MP: 7/7
  5040 | D:4      | Reached skill level 8 in Maces & Flails
  5117 | D:4      | Found a staircase to the Ecumenical Temple.
  5135 | Temple   | Entered the Ecumenical Temple
  5241 | Temple   | Became a worshipper of the Shining One
  5241 | Temple   | Reached * piety under the Shining One
  5241 | Temple   | Reached ** piety under the Shining One
  6019 | D:5      | Entered Level 5 of the Dungeon
  6141 | D:5      | Reached skill level 9 in Maces & Flails
  6169 | D:5      | Reached XP level 8. HP: 28/46 MP: 8/8
  6392 | D:5      | Found a large runed translucent door.
  6406 | D:5      | Found a large runed translucent door.
  6543 | D:5      | Noticed Duvessa
  6544 | D:5      | Found a large runed translucent door.
  6544 | D:5      | Found a large runed translucent door.
  6544 | D:5      | Noticed Dowan
  6562 | D:5      | Killed Duvessa
  6563 | D:5      | Reached skill level 10 in Maces & Flails
  6574 | D:5      | Noticed a two-headed ogre
  6582 | D:5      | Killed Dowan
  7645 | D:6      | Reached skill level 11 in Maces & Flails
  7797 | D:6      | Reached *** piety under the Shining One
  7833 | D:6      | Reached skill level 1 in Armour
  7833 | D:6      | Reached XP level 9. HP: 41/51 MP: 9/9
  8516 | D:7      | Noticed Pikel
  8530 | D:7      | Killed Pikel
  8531 | D:7      | Reached skill level 12 in Maces & Flails
  8941 | D:7      | Noticed a cyan ugly thing
  8951 | D:7      | Killed a cyan ugly thing
  8952 | D:7      | Reached skill level 13 in Maces & Flails
  8952 | D:7      | Reached XP level 10. HP: 46/56 MP: 10/10
  8989 | D:8      | Reached **** piety under the Shining One
 10128 | D:9      | Found a burning altar of Makhleb.
 10129 | D:9      | Found a stormy altar of Qazlal.
 10129 | D:9      | Found an iron altar of Okawaru.
 10130 | D:9      | Found a broken altar of Ashenzari.
 10172 | D:9      | Reached skill level 14 in Maces & Flails
 10175 | D:9      | Reached skill level 5 in Armour
 10343 | D:9      | Reached ***** piety under the Shining One
 10709 | D:9      | Noticed Harold
 10721 | D:9      | Killed Harold
 10833 | D:10     | Entered Level 10 of the Dungeon
 10850 | D:10     | Found an iron altar of Okawaru.
 10903 | D:10     | Reached XP level 11. HP: 60/60 MP: 11/11
 10909 | D:10     | Noticed Josephine
 10932 | D:10     | Killed Josephine
 10933 | D:10     | Reached skill level 1 in Invocations
 11298 | D:10     | Noticed an orange crystal statue
 11368 | D:10     | Killed an orange crystal statue
 11864 | D:11     | Found a staircase to the Orcish Mines.
 11895 | D:11     | Reached skill level 15 in Maces & Flails
 11979 | D:11     | Noticed a deep elf mage
 11985 | D:11     | Killed a deep elf mage
 12018 | D:11     | Reached ****** piety under the Shining One
 12100 | D:11     | Found a staircase to the Lair.
 12148 | D:11     | Found a transporter.
 12157 | D:11     | Noticed grovkorv's ghost (journeyman GrAM)
 12158 | D:11     | Noticed a moth of wrath
 12174 | D:11     | Reached XP level 12. HP: 64/64 MP: 14/14
 12200 | D:11     | Found a transporter.
 12227 | D:11     | Slain by a red ugly thing

Illustrated notes

Levels and vault maps discovered:
D:1:      moated_graveyard_arrival, layout_basic
D:2:      layout_basic, minmay_misc_feat_ornament
D:3:      layout_loops_ring, portal_sewer_entry_b
D:4:      layout_basic, minmay_temple_entry_stoned_glass, grunt_ministairs_5
D:5:      layout_cave_pools, minmay_hollow_rounded_squares, uniq_duvessa
D:6:      layout_basic
D:7:      layout_gridville, uniq_pikel
D:8:      layout_gridville
D:9:      layout_basic, chequers_temple_overflow_statue_of_worship, uniq_harold
D:10:     layout_irregular_city, basic_altar, minivault_16, uniq_josephine
D:11:     layout_grid_maze, due_lair_maze_entry_diamond, orc_0_dummy,
          gammafunk_ghost_berserking_beasts, elyvilon_altar_4
Temple:   compressed_dpeg_circular_temple

Skill      XL: |  1  2  3  4  5  6  7  8  9 10 11 |
---------------+----------------------------------+-----
Maces & Flails | 4 5 6 7 9 11 13 14 15 | 15.2
Armour         | 1 4 7 9 |  9.9
Dodging        | 3 |  3.6
Invocations    | 3 |  3.7
Fighting       | |  3.2
Stealth        | |  2.1

Action                   |  1- 3 |  4- 6 |  7- 9 | 10-12 || total
-------------------------+-------+-------+-------+-------++-------
Melee: Mace              |   118 |   444 |       |   385 ||   947
       Flail             |       |     4 |   280 |       ||   284
       Morningstar       |       |       |    92 |    99 ||   191
Evoke: Wand              |       |       |     5 |     1 ||     6
  Use: Scroll            |       |     6 |     8 |     7 ||    21
       Potion            |       |     7 |       |     3 ||    10
 Stab: Sleeping          |     3 |       |       |       ||     3
Armor: Robe              |    40 |       |       |       ||    40
       Ring mail         |     6 |    26 |       |       ||    32
       Scale mail        |       |   321 |    50 |       ||   371
       Skin              |       |     1 |       |       ||     1
       Chain mail        |       |       |   158 |    61 ||   219
       Plate armour      |       |       |       |   325 ||   325
Dodge: Dodged            |    92 |   370 |   158 |   279 ||   899
